[Event "1st Semana Santa Torrevieja 2022"]
[Site "Torrevieja Alicante"]
[Date "2022.04.17"]
[Round "8.4"]
[White "Dardha, Daniel"]
[Black "Vasquez Schroeder, Rodrigo"]
[Result "1/2-1/2"]
[ECO "E60"]
[WhiteElo "2541"]
[BlackElo "2493"]
[Annotator "TA"]
[PlyCount "107"]
[EventDate "2022.04.12"]
[EventType "swiss"]
[EventCountry "ESP"]
[SourceTitle "playchess.com"]
[Source "ChessBase"]
[SourceQuality "1"]
[TimeControl "5400+30"]

1. d4 Nf6 2. c4 g6 3. h4 d6 4. Nc3 Nbd7 5. e4 e5 6. d5 {[%emt 0:00:32] E60: King's Indian: Unusual lines and Fianchetto Variation without Nc3.} Nc5 7. Qc2 a5 8. Be2 {[%emt 0:00:13] White has an edge.} h5 9. Nf3 {[%emt 0:02:49] [#]} Ng4 $146 ({Predecessor:} 9... Bg4 10. Be3 Bxf3 11. Bxf3 Bh6 12. Bxh6 Rxh6 13. g3 a4 14. O-O-O Kf8 15. Rdg1 c6 {0-1 (39) Fedoseev,V (2677)-Giri,A (2769) Moscow 2019}) 10. Ng5 f6 11. Nh3 Bh6 12. Bxh6 Nxh6 13. Qd2 Qe7 14. O-O-O Bd7 15. f3 Nf7 16. Nf2 b6 17. Rde1 a4 18. Bd1 Nd8 19. b4 axb3 $1 20. axb3 Nf7 (20... Na6 $14 {was preferrable.}) 21. Kb2 (21. b4 {is interesting.} Nb7 22. Kb2 f5 23. Reg1) 21... Na6 22. Nd3 (22. g4 $14) 22... c5 (22... Nc5 $11) 23. dxc6 $1 $16 Bxc6 24. Bc2 (24. b4 {with more complications.} Nc7 25. Bb3 Ne6 26. b5) 24... Qb7 25. Ra1 Kf8 26. Ra3 {[%emt 0:18:54] &Bianco is more active.} (26. b4 {seems wilder.} b5 27. cxb5 Bxb5 28. Nxb5 Qxb5 29. Bb3) 26... Kg7 27. Rha1 $1 Rhb8 28. Nc1 ({Better is} 28. b4 $14 b5 29. cxb5 (29. Nxb5 Bxb5 30. cxb5 Nc7 $14) 29... Bxb5 30. Nxb5 Qxb5 31. Bb3) 28... Nc7 (28... Nb4 {feels hotter.} 29. Bd3 Rxa3 30. Rxa3 Ra8) 29. Rxa8 Nxa8 30. Qe3 Nc7 31. Nd3 Na6 32. b4 Nc7 (32... b5 $14 33. c5 (33. Nxb5 Bxb5 34. cxb5 Qxb5 $15) 33... Rd8) 33. b5 $18 Bd7 34. Nb4 Ne6 35. Ncd5 Nc5 36. f4 {[%emt 0:01:08] aiming for f5.} Rf8 (36... Bg4 $142) 37. f5 {[%emt 0:00:29] And now Qg3 would win.} Nh6 38. fxg6 {[%emt 0:00:08][%cal Ob4c6] Hoping for Nc6!} Kxg6 $2 (38... Be6 39. Qa3 Ng4) 39. Nc6 Ng4 40. Qf3 {[%emt 0:00:13] Threatens to win with Ra7.} Ra8 {[%emt 0:00:54] Prevents Ra7.} 41. Rxa8 Qxa8 42. Nxb6 Qe8 43. Nxd7 Nxd7 44. Bd1 Qf7 45. Bb3 (45. Qf5+ $142 Kh6 46. Bxg4 hxg4 47. h5 (47. Qxg4 Qxc4 48. Qxd7 Qxb5+ 49. Kc3 Qc5+ 50. Kd3 Qa3+ 51. Ke2 Qa4 $18)) 45... Nc5 {[%emt 0:00:12] [#]} 46. Qf5+ (46. Nb4 $1 $18 {and the rest is easy.}) 46... Kg7 $16 {[%emt 0:00:52] [#]} 47. Nd8 (47. Kc3 $1 $16) 47... Qa7 $1 $11 {[%emt 0:03:47] The position is equal.} 48. Nc6 Nd3+ {[%emt 0:01:10] Pair of Knights!} 49. Kc3 Qa3 50. Qd7+ ({Avoid the trap} 50. Qxh5 $2 Ngf2 51. Qg4+ Nxg4 $19) 50... Kh6 {[%emt 0:00:13] ( -> ...Ngf2)} 51. Qf7 Qb2+ (51... Nc5 $5 52. Qf8+ Kh7 53. Qf7+ Kh6 54. Qf8+ Kh7 55. Qf7+ Kh6 $11) 52. Kxd3 {[%emt 0:00:01][%cal Oc4c5] c5! is the strong threat. Chess con chili.} Qxb3+ 53. Kd2 Qb2+ 54. Kd3 {[%emt 0:00:46] Black defended with fortune.  Weighted Error Value: White=0.22 (precise) /Black=0.19 (very precise)} 1/2-1/2

[Event "1st Semana Santa Torrevieja 2022"]
[Site "Torrevieja Alicante"]
[Date "2022.04.17"]
[Round "8.5"]
[White "Moral Garcia, Serafin"]
[Black "Chatalbashev, Boris"]
[Result "1/2-1/2"]
[ECO "B30"]
[WhiteElo "2214"]
[BlackElo "2515"]
[Annotator "TA"]
[PlyCount "132"]
[EventDate "2022.04.12"]
[EventType "swiss"]
[EventCountry "ESP"]
[SourceTitle "playchess.com"]
[Source "ChessBase"]
[SourceQuality "1"]
[TimeControl "5400+30"]

1. e4 c5 2. Nf3 Nc6 3. Bb5 e6 4. O-O Nge7 5. Re1 Nd4 6. Nxd4 cxd4 7. c3 $1 {[%emt 0:02:07] The main line 7.c3 scores better than 7.d3.} a6 8. Ba4 {[%emt 0:01:03] B30: Sicilian: 2...Nc6 3 Bb5, lines without ...g6.} b5 9. Bb3 Nc6 $1 10. d3 Bc5 11. Nd2 Qb6 {[%emt 0:03:08] White must now prevent ...dxc3.} 12. Qe2 O-O 13. Nf3 (13. a4 $5 ) 13... Bb7 {[%emt 0:01:02] [#]} 14. cxd4 $146 ({Predecessor:} 14. a4 Rae8 15. Bd2 f5 16. e5 b4 17. Bc4 f4 18. Rab1 Ba8 19. Rec1 Rf5 20. h3 b3 21. Re1 Ref8 22. h4 Rh5 23. Qf1 Na5 {0-1 (23) Kudryavtsev,Y (2046)-Harney,T (2028) LSS email 2012}) 14... Nxd4 15. Nxd4 Bxd4 16. Be3 f5 17. f3 a5 18. Bxd4 Qxd4+ 19. Qf2 Qxf2+ (19... Qxd3 $2 20. Red1 fxe4 21. Rxd3 exd3 22. a4 $18) 20. Kxf2 a4 21. Bc2 b4 22. Rac1 Bc6 23. d4 g6 24. Bd3 Ra5 25. Rc5 (25. Ke3 {is interesting.} Kf7 26. d5 fxe4 27. dxc6 exd3 28. cxd7 Ke7 29. Kxd3 Rd5+ 30. Ke3) 25... Rxc5 26. dxc5 $11 {[%emt 0:00:01][%mdl 4096] Endgame KRB-KRB} f4 27. Rc1 Kg7 28. Rc4 Rb8 29. e5 Bd5 30. Rd4 g5 31. Be4 Bxe4 32. Rxd7+ Kg6 33. fxe4 {[%emt 0:00:07] KR-KR} b3 {[%emt 0:00:04] [#]} (33... Rc8 $11 {remains equal.}) 34. axb3 $1 $16 Rxb3 35. Rd2 {[%emt 0:00:16] Hoping for c6.} a3 36. bxa3 {[%emt 0:00:02] aiming for Rc2.} Rc3 {[%emt 0:00:03] Against Rc2} 37. a4 (37. Rd6 $16) 37... Rxc5 $11 {[%emt 0:00:05] The position is equal.} 38. Ra2 {[%emt 0:00:08] [#] Strongly threatening a5.} Ra5 39. Kf3 h6 40. g3 fxg3 41. hxg3 h5 42. Ke3 Kh6 43. Kf3 Kg6 44. Ra3 Kh6 45. g4 hxg4+ 46. Kxg4 Rxe5 47. Kf3 {[%emt 0:01:17] Threatens to win with a5.} Ra5 48. Kg4 Kg6 49. Kf3 Kf6 50. Ra1 Ke5 51. Ra2 Kd4 52. Rd2+ Ke5 53. Ra2 g4+ 54. Kxg4 Kxe4 55. Re2+ Kd5 56. Rd2+ Ke5 57. Re2+ Kf6 58. Ra2 e5 59. Kf3 Kf5 60. Ke3 e4 61. Ra1 Ke5 62. Ra2 Kd5 63. Rd2+ Kc4 64. Rd4+ Kb3 65. Kxe4 Rxa4 66. Rxa4 Kxa4 {[%emt 0:00:02] Weighted Error Value: White=0.07 (flawless) /Black=0.06 (flawless)} 1/2-1/2

[Event "1st Semana Santa Torrevieja 2022"]
[Site "Torrevieja Alicante"]
[Date "2022.04.17"]
[Round "8.6"]
[White "Nasuta, Grzegorz"]
[Black "Vrolijk, Liam"]
[Result "1/2-1/2"]
[ECO "C69"]
[WhiteElo "2530"]
[BlackElo "2480"]
[Annotator "TA"]
[PlyCount "75"]
[EventDate "2022.04.12"]
[EventType "swiss"]
[EventCountry "ESP"]
[SourceTitle "playchess.com"]
[Source "ChessBase"]
[SourceQuality "1"]
[TimeControl "5400+30"]

1. e4 e5 2. Nf3 Nc6 3. Bb5 a6 4. Bxc6 dxc6 5. O-O f6 6. d4 exd4 7. Nxd4 c5 8. Nb3 Qxd1 9. Rxd1 Bd7 10. Nc3 O-O-O 11. Bf4 Be6 12. Rxd8+ Kxd8 13. Rd1+ Kc8 14. Nd5 Bxd5 15. Rxd5 b6 16. Nd2 {[%emt 0:00:41] C69: Ruy Lopez: Exchange Variation with 5 0-0 f6.} Ne7 17. Rd3 Nc6 18. c3 {[%emt 0:00:32] Against Nd4} Be7 {[%emt 0:02:02] [#]} 19. h4 $146 ({Predecessor:} 19. Kf1 Rd8 20. Rxd8+ Kxd8 21. Be3 Kd7 22. f4 Ke6 23. b3 g5 24. g3 h5 25. Ke2 {1-0 (35) Semenov,N (2183)-Gerard,A (1810) ICCF email 2018}) 19... Rd8 20. Rxd8+ Kxd8 $11 {[%emt 0:00:32][%mdl 4096] Endgame KBN-KBN} 21. Kf1 Kd7 22. Ke2 Bd6 23. Be3 h5 24. f3 Ke6 25. Bf2 g6 {[%emt 0:02:53] The position is equal.} 26. Nc4 f5 27. exf5+ gxf5 28. Ke3 b5 29. Nxd6 cxd6 {[%emt 0:00:07] KB-KN} 30. g4 fxg4 31. fxg4 hxg4 32. Kf4 Kf6 33. h5 Ne5 {[%emt 0:01:15] [#] aiming for ...Nd3+.} 34. Bh4+ Kg7 {[%emt 0:01:00] ...Kh6 is the strong threat.} 35. Be7 Nd3+ 36. Kxg4 Nxb2 37. Bxd6 Na4 38. a3 {[%emt 0:01:11] Weighted Error Value: White=0.05 (flawless) /Black=0.05 (flawless)} 1/2-1/2

[Event "1st Semana Santa Torrevieja 2022"]
[Site "Torrevieja Alicante"]
[Date "2022.04.17"]
[Round "8.7"]
[White "Cuenca Jimenez, Jose Fernando"]
[Black "Cifuentes Parada, Roberto"]
[Result "1-0"]
[ECO "D20"]
[WhiteElo "2552"]
[BlackElo "2427"]
[Annotator "TA"]
[PlyCount "91"]
[EventDate "2022.04.12"]
[EventType "swiss"]
[EventCountry "ESP"]
[SourceTitle "playchess.com"]
[Source "ChessBase"]
[SourceQuality "1"]
[TimeControl "5400+30"]

1. d4 d5 2. c4 dxc4 3. e4 c5 4. d5 e6 5. Bxc4 Nf6 6. Nc3 exd5 7. exd5 a6 {[%emt 0:00:33] The main line 7...a6 scores better than 7...Bd6. D20: Queen's Gambit Accepted: 3 e3 and 3 e4.} 8. Nf3 Bd6 9. Qe2+ Qe7 {[%emt 0:02:02] The position is equal.} 10. O-O Qxe2 11. Bxe2 Bg4 12. h3 Bxf3 13. Bxf3 {[%emt 0:00:05] [#]} O-O $146 ({Predecessor:} 13... Nbd7 14. Re1+ Kd8 15. a4 Re8 16. Be3 b6 17. g3 Kc8 18. Kg2 Kb7 19. Rad1 Rad8 {½-½ (82) Tseng,W (2399)-Hering,H (2229) ICCF email 2013}) 14. a4 Nbd7 15. a5 Rfe8 16. Rd1 Rac8 17. Kf1 h6 18. Ra4 Kf8 19. g3 Rc7 20. Be2 Rec8 21. g4 c4 22. h4 Re8 23. Be3 Ne4 24. Kg2 {[%emt 0:07:21] Inhibits Ng3.} ({Much worse is} 24. Bxc4 Ndc5 25. Bxc5 Nxc5 $11) 24... Ndf6 25. Nxe4 ({Don't play} 25. Rxc4 Rxc4 26. Bxc4 Nxg4 $11) 25... Rxe4 26. Bf3 Rxe3 {[%emt 0:06:24] White leaves nothing to chance now.} 27. fxe3 $16 Nd7 28. Rc1 Ne5 29. Be2 Rc5 30. e4 g5 31. h5 Ke7 32. Rc2 Kd7 33. Kh3 Rb5 (33... f6 {keeps fighting.} 34. Bxc4 Bc7) 34. Bxc4 $18 Nxc4 35. Raxc4 Rxa5 {[%emt 0:00:10][%mdl 4096] Endgame KRR-KRB} 36. Kg2 Rb5 37. b4 a5 $2 {[%emt 0:00:41] [#]} (37... f6 38. Rf2 Ke7) 38. bxa5 Rxa5 39. Rb2 {[%emt 0:01:20] Prevents Rb5.} b5 40. Rc6 b4 (40... Ke7 $142 41. Rb6 b4) 41. e5 Bxe5 42. Rxb4 Rxd5 43. Rxh6 Rd3 44. Ra6 {[%emt 0:01:57] [#] And now Rb7+ would win.} Bd6 45. Rb7+ Ke6 46. Rbb6 {[%emt 0:00:08] Weighted Error Value: White=0.03 (flawless) /Black=0.45} 1-0

[Event "1st Semana Santa Torrevieja 2022"]
[Site "Torrevieja Alicante"]
[Date "2022.04.17"]
[Round "8.9"]
[White "Rakotomaharo, Fy Antenaina"]
[Black "Rudzinska, Michalina"]
[Result "1/2-1/2"]
[ECO "B22"]
[WhiteElo "2474"]
[BlackElo "2211"]
[Annotator "TA"]
[PlyCount "162"]
[EventDate "2022.04.12"]
[EventType "swiss"]
[EventCountry "ESP"]
[SourceTitle "playchess.com"]
[Source "ChessBase"]
[SourceQuality "1"]
[TimeControl "5400+30"]

1. e4 c5 2. Nf3 e6 3. c3 d5 4. exd5 Qxd5 5. d4 Nf6 6. Na3 Nc6 7. Nb5 Qd8 8. dxc5 Bxc5 9. Qxd8+ Kxd8 10. b4 {[%emt 0:12:40] B22: Sicilian: 2 c3.} Bb6 11. Nd6 (11. a4 {with more complications.} Ne4 12. Nd2 Bxf2+ 13. Ke2) 11... Ke7 12. Nc4 {[%emt 0:00:05] The position is equal.} Ne4 13. Nxb6 (13. b5 {is more complex.} Na5 14. Ba3+ Kf6 15. Nxb6 axb6 16. Bd3) 13... axb6 14. Bb2 f6 15. Bd3 Nd6 16. a4 {[%emt 0:12:47] Prevents b5.} e5 {[%emt 0:02:48] Strongly threatening ...e4.} 17. Nd2 {[%emt 0:00:06] Against e4} Be6 18. Ke2 Kf7 {[%emt 0:10:14] [#]} 19. Rhd1 $146 ({Predecessor:} 19. h4 h5 20. f3 Rhd8 21. Rhg1 Ne7 22. g3 Rd7 23. Rg2 Rad8 24. Bc1 Rc8 25. Ra3 {0-1 (64) Nikolova,A (2275)-Videnova,I (2345) Pleven 2018}) 19... Rhd8 20. Bc2 Rac8 {[%emt 0:06:25][%cal Oc6d4] White must now prevent ...Nd4+!} 21. Bb3 Ne7 22. Bxe6+ Kxe6 23. a5 Nd5 24. axb6 Nxc3+ 25. Bxc3 Rxc3 26. Ne4 Rc6 27. Nc5+ {[%emt 0:07:49] [#]} Ke7 $1 28. Na4 Ra8 29. Kd3 Rc4 30. Nc3 Rxa1 31. Rxa1 $17 {[%emt 0:00:05][%mdl 4096] Endgame KRN-KRN} Ke6 32. Rb1 Rd4+ 33. Ke2 Nc4 34. Na4 Kd5 35. Nc5 Kc6 36. Rc1 Kxb6 37. Ne6 Re4+ 38. Kd3 Nd6 39. Rc7 Rxb4 {[%emt 0:05:14] ...Rb2 is the strong threat.} 40. Rxg7 Rb2 41. f3 {[%emt 0:01:08] Against e4+} Kc6 42. h4 b5 43. Kc3 Rf2 44. h5 f5 45. h6 e4 46. Rxh7 Rxg2 47. Rc7+ Kb6 48. Rd7 Nc4 49. h7 Rh2 50. fxe4 fxe4 51. Ng5 {[%emt 0:00:56] Threatens to win with Rd8. White is slightly better.} e3 (51... Kc6 $2 52. Rd8 $18) 52. Rd8 ({Reject} 52. Nf3 {[#]} e2 $1 53. Re7 Rh3 $11) 52... e2 53. Re8 Nd6 {[%emt 0:00:55] [#]} 54. Rxe2 Rh4 55. Kd3 Nf7 56. Nxf7 (56. Re6+ {is interesting.} Ka5 57. Re4 Rh6 58. Nxf7 Rxh7 59. Ne5) 56... Rxh7 $14 {[%emt 0:00:04] KRN-KR} 57. Ng5 Rc7 58. Nf3 Rc4 59. Nd4 Rc1 60. Re6+ Kc7 61. Nxb5+ Kd7 62. Rh6 Rg1 63. Nc3 Ke7 64. Kd4 Rg5 65. Ke4 Kf7 66. Kf4 Rg6 67. Rh8 Ke6 68. Ne4 Kd5 69. Rd8+ Kc4 70. Ke3 Rh6 71. Rc8+ Kb5 72. Kd4 Rh4 73. Rc5+ Kb6 74. Re5 Rh6 75. Nc3 Rh4+ 76. Kd5 Rh6 77. Rg5 Rf6 78. Ne4 Rf1 79. Rg6+ Kb5 80. Nd6+ Kb4 81. Rg4+ Kb3 {[%emt 0:00:24] Weighted Error Value: White=0.06 (flawless) /Black=0.06 (flawless)} 1/2-1/2

[Event "1st Semana Santa Torrevieja 2022"]
[Site "Torrevieja Alicante"]
[Date "2022.04.17"]
[Round "8.10"]
[White "Gomez Ledo, Roberto Carlos"]
[Black "Perez Perez, Gabriel"]
[Result "1-0"]
[ECO "E05"]
[WhiteElo "2471"]
[BlackElo "2194"]
[Annotator "TA"]
[PlyCount "67"]
[EventDate "2022.04.12"]
[EventType "swiss"]
[EventCountry "ESP"]
[SourceTitle "playchess.com"]
[Source "ChessBase"]
[SourceQuality "1"]
[TimeControl "5400+30"]

1. d4 d5 2. Nf3 Nf6 3. g3 e6 4. Bg2 Be7 5. c4 O-O 6. O-O dxc4 7. Ne5 Nc6 8. Nxc6 bxc6 9. Na3 Nd5 {[%emt 0:09:18] E05: Open Catalan: 5 Nf3 Be7.} ({Black should try} 9... Bxa3 $11 10. bxa3 Ba6) 10. Nxc4 $14 c5 11. Na5 Qd7 {[%emt 0:06:33] White is slightly better.} 12. e4 Nb6 {[%emt 0:02:37] [#]} 13. dxc5 $146 ({Predecessor:} 13. d5 Ba6 14. Re1 exd5 15. exd5 Bf6 16. Rb1 Rfe8 17. Be3 Qb5 18. Qd2 c4 19. Nc6 {1-0 (30) Thybo,J (2517)-Olsen,F (2397) Aarhus 2019}) 13... Bxc5 14. Qc2 Bd4 {[%emt 0:04:39] [#]} (14... Qb5 $16) 15. Nc6 $1 $18 {[%emt 0:03:40] Black must now prevent e5.} Bb7 16. Nxd4 Qxd4 17. Be3 (17. Qxc7 $6 Bxe4 18. Qf4 (18. Be3 Qd5 $11) 18... f5 $16) 17... Qc4 18. Rfc1 Qxc2 19. Rxc2 {[%emt 0:00:07] Strongly threatening a4.} f5 20. f3 Rf7 (20... c6 $16 {keeps fighting.} 21. Rd1 Rfd8 22. Rxd8+ Rxd8) 21. Rac1 Rc8 22. b3 c6 (22... Rd7 $142 23. Rc5 g6) 23. a4 Rd8 24. Bf1 {[%emt 0:02:32] And now a5 would win.} fxe4 25. fxe4 c5 26. Bg2 (26. Rxc5 Bxe4 27. Bh3 Bf5) 26... Rd3 (26... c4 $16) 27. Rc3 c4 (27... Rfd7 $142 28. Rxd3 (28. Bxc5 Rxc3 29. Rxc3 Rd1+ 30. Kf2 Rd2+ 31. Kf3 Nd5 $16) 28... Rxd3) 28. Rxd3 ({Don't do} 28. bxc4 $6 Rxc3 29. Rxc3 Nxa4 $16) 28... cxd3 29. Rd1 Ba6 {[%emt 0:04:22] [#]} 30. Bf1 ({White should play} 30. Bh3 $1 $18 Re7 31. a5) 30... Rf3 $2 {[%emt 0:04:29] This costs Black the game.} (30... Rd7 $16 {is a better defense.} 31. a5 Nc8) 31. Bf4 ({Not} 31. Bxd3 Rxe3 32. Bxa6 Rxe4 33. Rd8+ Kf7 $18) 31... e5 {[%emt 0:00:43] [#]} (31... Rxf1+ $142 32. Kxf1 Bb7) 32. Bg2 $1 {[%emt 0:01:08] White is clearly winning.} Rxf4 (32... exf4 33. Bxf3) 33. gxf4 exf4 34. Bf1 {[%emt 0:00:09] Weighted Error Value: White=0.11 (very precise) /Black=0.45} 1-0

[Event "1st Semana Santa Torrevieja 2022"]
[Site "Torrevieja Alicante"]
[Date "2022.04.17"]
[Round "8.11"]
[White "Macias Pino, Diego"]
[Black "Camacho Collados, Marcos"]
[Result "1/2-1/2"]
[ECO "B30"]
[WhiteElo "2317"]
[BlackElo "2462"]
[Annotator "TA"]
[PlyCount "54"]
[EventDate "2022.04.12"]
[EventType "swiss"]
[EventCountry "ESP"]
[SourceTitle "playchess.com"]
[Source "ChessBase"]
[SourceQuality "1"]
[TimeControl "5400+30"]

1. e4 c5 2. Nf3 Nc6 3. Bb5 e5 4. O-O Bd6 5. Bxc6 dxc6 6. d3 {[%emt 0:02:10] B30: Sicilian: 2...Nc6 3 Bb5, lines without ...g6.} Ne7 7. Nbd2 Ng6 {[%emt 0:00:24] [#]} 8. a4 $146 {[%emt 0:01:34] The position is equal.} ({Predecessor:} 8. Nc4 h6 9. Be3 Be6 10. Nfd2 Be7 11. Qh5 Qc7 12. Nf3 Bd6 13. a4 a5 14. g3 {1-0 (34) Krnan,T (2423)-Zambor,N (2279) Tatranske Zruby 2014}) 8... a5 9. Nc4 Bc7 10. b3 b6 11. Bb2 Qe7 12. Kh1 f6 13. Ng1 Be6 14. Ne2 h5 15. Ng3 Qd7 16. Ne3 Ne7 ({Better is} 16... O-O-O $15) 17. Nxh5 $11 Rh7 18. Ng3 O-O-O 19. Kg1 {[%emt 0:01:24] [#]} (19. Re1 $1 $11) 19... Kb7 (19... Rdh8 $1 $17 {Strongly threatening ...Ng6.} 20. h3 Ng6) 20. h3 Bxh3 21. gxh3 $14 Qxh3 22. Re1 $1 ({Don't go for} 22. Ng4 $2 Rdh8 23. Re1 Ng6 $19) 22... Ng6 $1 23. Qg4 Qh2+ 24. Kf1 Nf4 25. Red1 $1 {[%emt 0:02:29] Hoping for Qf3.} ({Not} 25. Qf3 $2 Qh3+ 26. Kg1 Rdh8 $19) 25... Rdh8 {[%emt 0:05:43] [#]} (25... Nh3 $2 26. Qf3 $18) (25... g6 $11 {and Black has nothing to worry.}) 26. Ke1 $1 $18 f5 $2 (26... Nh3 {was necessary.} 27. Qe2 Ng1) 27. exf5 e4 {[%emt 0:00:00][%mdl 32768] Weighted Error Value: White=0.11 (very precise) /Black=0.32. An unexpected result.} 1/2-1/2

[Event "1st Semana Santa Torrevieja 2022"]
[Site "Torrevieja Alicante"]
[Date "2022.04.17"]
[Round "8.12"]
[White "Goluch, Piotr"]
[Black "Garrido Outon, Alex"]
[Result "0-1"]
[ECO "E01"]
[WhiteElo "2314"]
[BlackElo "2426"]
[Annotator "TA"]
[PlyCount "84"]
[EventDate "2022.04.12"]
[EventType "swiss"]
[EventCountry "ESP"]
[SourceTitle "playchess.com"]
[Source "ChessBase"]
[SourceQuality "1"]
[TimeControl "5400+30"]

1. d4 Nf6 2. c4 e6 3. g3 d5 4. cxd5 exd5 5. Bg5 Be7 6. Nc3 {[%emt 0:03:07] E01: Catalan: Early deviations.} c6 {[%emt 0:02:22] [#]} 7. Qc2 $146 ({Predecessor:} 7. Bg2 Bf5 8. Nf3 Nbd7 9. O-O h6 10. Bxf6 Nxf6 11. e3 O-O 12. h3 Qc8 13. Kh2 Ne4 {½-½ (60) Meyssirel,T (1333)-Kvashyna,T (1764) Europe Echecs INT 2020}) 7... Na6 8. a3 {[%emt 0:01:35] The position is equal.} Nc7 9. e3 O-O 10. Bg2 Ne6 11. Bxf6 Bxf6 12. Nge2 Re8 13. O-O g6 14. b4 a6 15. a4 Nc7 16. b5 Bf5 17. Qd2 axb5 18. axb5 Qd6 19. bxc6 bxc6 20. Na4 Ne6 21. Rfc1 Reb8 22. Qc3 Rb4 23. Nc5 Rxa1 24. Qxa1 (24. Rxa1 Qxc5 $3 25. dxc5 Bxc3 26. Nxc3 Nxc5 $17) 24... Nxc5 25. dxc5 Qd8 {[%emt 0:05:08] 0x0.000e62c4cfb3dp-1022s more active pieces. Black continues to play with concentration.} ({Of course not} 25... Bxa1 26. cxd6 Bf6 27. Rxc6 $11) 26. Nd4 ({Better is} 26. Qa3 Qb8 27. Qa6) 26... Bxd4 $17 27. exd4 {[%emt 0:00:01] [#]} Qf6 $1 28. Rd1 {[%emt 0:08:00] [#]} Bc2 $1 29. Re1 Kg7 ({Inferior is} 29... Rxd4 30. Re8+ Kg7 31. Bf1 $17) ({And not} 29... Qxd4 30. Qa8+ Kg7 31. Qxc6 $17) 30. Qc1 (30. Rc1 {was necessary.} Ba4 31. Bf1) 30... Rb1 $19 31. Qd2 Rxe1+ 32. Qxe1 Qxd4 33. h4 $2 (33. Bf3 {was called for.}) 33... Be4 {[%emt 0:02:55] And now ...Bxg2 would win.} 34. Qc1 (34. Bf1 $142 Qxc5 35. Qe3 Qxe3 36. fxe3) 34... Bxg2 35. Kxg2 {[%emt 0:00:02][%mdl 4096] Endgame KQ-KQ} Qc4 36. Qa3 d4 {[%emt 0:01:04][%cal Bd5d4,Bd4d3][%mdl 32] ...h5 is the strong threat.} 37. Qa5 (37. g4 $142 h6 38. h5) 37... h5 38. Kg1 d3 {[%emt 0:00:13] ( -> ...Qc1+)} 39. Qd8 Qc1+ (39... Qe4 $142 40. Kh2 Qe2 41. Qd4+ Kh7 42. Qf6 Qa2 43. Qf3 d2 44. Qd1 Qb2 45. Qf3 Kg7 46. Qd3 Qa2 47. Qe2 Qc2 48. Qe5+ Kh7 49. Qf4 Qa2 50. Qf3 Qc4 51. Kh3 Qg4+ 52. Qxg4 hxg4+ 53. Kxg4 d1=Q+ 54. Kf4 Qd4+ 55. Kf3 Qxc5 56. Ke4 Qd5+ 57. Kf4 c5 58. h5 c4 59. g4 c3 60. hxg6+ fxg6 61. f3 c2 62. Ke3 c1=Q+ 63. Kf2 Qcd2+ 64. Kg3 g5 65. Kh3 Qxf3#) 40. Kh2 Qxc5 (40... Qc3 $142 41. Qd7 d2 42. Qd6 Qc2 43. Qe5+ Kh7 44. Qf6 Qa2 45. Qf3 Qe6 46. Kg1 Qe1+ 47. Kg2 Kg7 48. Qc3+ Kg8 49. Qe3 d1=Q 50. Qxe1 Qxe1 51. Kf3 f5 52. Kg2 Kf7 53. f4 Qe2+ 54. Kh1 Qf1+ 55. Kh2 Ke6 56. g4 fxg4 57. f5+ Kxf5 58. Kg3 Qg1#) 41. Qxd3 Qxf2+ 42. Kh1 c5 {[%emt 0:00:13] Weighted Error Value: White=0.91/Black=0.35} 0-1

[Event "1st Semana Santa Torrevieja 2022"]
[Site "Torrevieja Alicante"]
[Date "2022.04.17"]
[Round "8.13"]
[White "Rodriguez Ferraz, Borja"]
[Black "Aagaard, Jacob"]
[Result "0-1"]
[ECO "D35"]
[WhiteElo "2223"]
[BlackElo "2465"]
[Annotator "TA"]
[PlyCount "26"]
[EventDate "2022.04.12"]
[EventType "swiss"]
[EventCountry "ESP"]
[SourceTitle "playchess.com"]
[Source "ChessBase"]
[SourceQuality "1"]
[TimeControl "5400+30"]

1. d4 Nf6 2. c4 e6 3. Nf3 d5 4. Nc3 c6 5. cxd5 exd5 6. Bg5 h6 7. Bh4 Bf5 8. Qb3 g5 9. Bg3 Qb6 {[%emt 0:01:00] D35: Queen's Gambit Declined: Exchange Variation.} 10. e3 Nbd7 11. Be2 Nh5 12. Rc1 Qxb3 13. axb3 {[%emt 0:00:30] [#]} Nxg3 $146 {[%emt 0:00:00] White got outplayed after the opening.  Weighted Error Value: White=0.08 (flawless) /Black=0.00 (flawless)} ({Predecessor:} 13... Be7 14. Bc7 Ng7 15. h3 Ne6 16. Bh2 h5 17. O-O f6 18. Rfe1 Kf7 19. e4 dxe4 {0-1 (51) Sanchez Millan,E (1978)-Ramirez Garcia,J (2176) Madrid 2010}) 0-1

[Event "1st Semana Santa Torrevieja 2022"]
[Site "Torrevieja Alicante"]
[Date "2022.04.17"]
[Round "8.14"]
[White "Batsiashvili, Nino"]
[Black "Gonzalez Guedes, Iyan"]
[Result "1-0"]
[ECO "E71"]
[WhiteElo "2491"]
[BlackElo "2251"]
[Annotator "TA"]
[PlyCount "63"]
[EventDate "2022.04.12"]
[EventType "swiss"]
[EventCountry "ESP"]
[SourceTitle "playchess.com"]
[Source "ChessBase"]
[SourceQuality "1"]
[TimeControl "5400+30"]

1. d4 Nf6 2. c4 g6 3. Nc3 Bg7 4. e4 d6 5. h3 O-O 6. Be3 e5 7. d5 a5 8. g4 {[%emt 0:01:13] E71: King's Indian: 4 e4 d6 5 h3.} Na6 9. f3 c6 10. Qd2 {[%emt 0:01:41] White is slightly better.} cxd5 11. cxd5 {[%emt 0:00:02] [#]} Nc5 $146 ({Predecessor:} 11... Nd7 12. h4 Ndc5 13. h5 f5 14. hxg6 hxg6 15. gxf5 gxf5 16. Bg5 Qe8 17. O-O-O Qg6 18. Bxa6 bxa6 {1-0 (31) Skatchkov,P (2457)-Petrovskiy,V (2159) Chess.com INT 2021}) 12. h4 Bd7 (12... h5 $11) 13. h5 $1 $14 a4 14. Nh3 Qa5 15. h6 Bh8 16. Nd1 Ne8 17. Qxa5 Rxa5 18. Nhf2 Nc7 19. Rc1 $36 {[%emt 0:09:57][%mdl 2048] White fights for an advantage.} Rc8 20. Nd3 Nxd3+ 21. Bxd3 Raa8 $1 22. Rh2 Na6 (22... Nb5 $14) 23. Bxa6 $16 {[%emt 0:10:09] &Bianco is much more active.} bxa6 24. Rhc2 {[%emt 0:00:05] Threatens to win with Rc7.} Rxc2 25. Rxc2 {[%emt 0:00:01] aiming for Bg5.} Rc8 (25... Bf6 $16) 26. Rxc8+ $18 Bxc8 {[%emt 0:00:01][%mdl 4096] Endgame [#] KBB-KBN} 27. Bg5 {[%emt 0:00:32] Inhibits Bf6. Be7 is the strong threat.} f6 $2 (27... Kf8 28. Ne3 f6) 28. Bd2 Kf7 29. Bb4 g5 30. Bxd6 {[%emt 0:00:40] White is clearly winning.} Kg6 31. Bf8 Kf7 32. Bc5 {[%emt 0:00:26] Weighted Error Value: White=0.05 (flawless) /Black=0.28 (precise)} 1-0